 Seeded DCSS version 0.30-a0-373-gd37427bb62 (webtiles) character file.

Game seed: 7675685303403244764 (custom seed)

30 purpskrrrp the Conjurer (level 3, -1/19 HPs)
             Began as a Deep Elf Conjurer on Nov 25, 2022.
             Slain by a +2 great sword of freezing (20 damage)
             ... created by the rancor of the Wu Jian Council
             ... on level 2 of the Dungeon.
             The game lasted 00:02:52 (1477 turns).

purpskrrrp the Conjurer (Deep Elf Conjurer)         Turns: 1477, Time: 00:02:53

Health: -1/19      AC:  3    Str:  4    XL:     3   Next: 3%
Magic:  10/10      EV: 13    Int: 24    God:
Gold:   63         SH:  0    Dex: 13    Spells: 8/9 levels left

rFire   . . .      SeeInvis .    g - staff of conjuration
rCold   . . .      Faith    .    (no shield)
rNeg    . . .      Spirit   .    a - +0 robe
rPois   .          Reflect  .    k - +0 helmet
rElec   .          Harm     .    (no cloak)
rCorr   .          Rampage  .    (no gloves)
Will    .....                    (no boots)
Stlth   ++........               (no amulet)
HPRegen 0.23/turn                (no ring)
MPRegen 0.12/turn                (no ring)

@: about to teleport, spiked
A: no striking features
a: no special abilities


You were on level 2 of the Dungeon.
You visited 1 branch of the dungeon, and saw 2 of its levels.

You collected 63 gold pieces.

Inventory:

Armour
 a - a +0 robe (worn)
 k - a +0 helmet (worn)
Magical Staves
 g - a staff of conjuration (weapon)
Jewellery
 f - a ring of protection from cold
 n - an amulet of faith
Scrolls
 d - 4 scrolls of teleportation
Potions
 b - a potion of magic
 j - a potion of curing
 l - a potion of brilliance {unknown}
 m - a potion of flight


   Skills:
 + Level 3.1 Dodging
 - Level 2.4 Stealth
 + Level 3.7 Spellcasting
 + Level 4.8 Conjurations


You had 8 spell levels left.
You knew the following spells:

 Your Spells              Type           Power      Damage    Failure   Level
a - Magic Dart            Conj           100%       1d8       1%          1

Your spell library contained the following spells:

 Spells                   Type           Power      Damage    Failure   Level
 Searing Ray              Conj           82%        2d7       2%          2
 Dazzling Flash           Conj/Hex       48%        N/A       11%         3
 Spider Form              Tmut/Pois      4%         N/A       30%         3
 Fulminant Prism          Conj/Hex       12%        3d9       36%         4
 Iskenderun's Mystic Bla  Conj/Tloc      24%        2d7       36%         4
 Olgreb's Toxic Radiance  Pois           4%         N/A       69%         4
 Summon Lightning Spire   Summ/Air       4%         N/A       69%         4
 Storm Form               Tmut/Air       2%         N/A       100%        7


Dungeon Overview and Level Annotations

Branches:
Dungeon (2/15)

Altars:
Wu Jian

Shops:
D:2 :


Message History

A dart slug is nearby!
You feel a surge of power!
The magic dart hits the dart slug but does no damage.
You feel a surge of power!
The magic dart hits the dart slug!
The dart slug is severely wounded.
You feel a surge of power!
The magic dart hits the dart slug!
You kill the dart slug!
You have reached level 3!
Your experience leads to an increase in your attributes!
Increase (S)trength, (I)ntelligence, or (D)exterity?
You feel clever. x2
Found a whip.
You now have 63 gold pieces (gained 2).
There is an entrance to Kemun's Vocational Training here.
You can access your shopping list by pressing '$'.
d - 5 scrolls of teleportation (gained 1)
A ball python comes into view.
A ball python is nearby!
A ball python is nearby!
A ball python is nearby!
You feel a surge of power!
The magic dart hits the ball python.
You kill the ball python!
No target in view!
No target in view!
No target in view!
Sifu Hu Sanniang says: Die by a thousand cuts!
A +2 great sword of freezing, a +3 rapier of electrocution and a +0 great sword of speed come into view.
There are monsters nearby!
There are monsters nearby!
There are monsters nearby!
As you read the scroll of teleportation, it crumbles to dust.
You feel strangely unstable.
As you read the scroll labelled NICKIOXTIO, it crumbles to dust.
It is a scroll of identify.
m - a potion of flight The barbs in your skin will harm you if you move.
Continue?
Okay, then.
The +2 great sword of freezing hits you!!
Ouch! That really hurt!
You die...

..#####.....#
.............
..############
..#.. #
..#.#.#
###########
......
#.........#
..#.#
#.######.†#
..... #.# #((#
.#### #.# #@##
....# #.#
#.(..#
.##.#####.#
######
.##.......#
###########


You could see 3 dancing weapons.

Vanquished Creatures
  An adder (D:2)
  A dart slug (D:2)
  An endoplasm (D:2)
  A giant cockroach (D:2)
  A goblin (D:1)
  2 hobgoblins
  A quokka (D:2)
  3 ball pythons
  2 bats (D:1)
  3 kobolds
  5 rats
21 creatures vanquished.

Notes
Turn   | Place    | Note
-------+----------+-------------------------------------------
     0 | D:1      | purpskrrrp the Deep Elf Conjurer began the quest for the
                  | Orb.
     0 | D:1      | Reached XP level 1. HP: 10/10 MP: 6/6
   310 | D:1      | Found a faded altar of an unknown god.
   466 | D:1      | Prayed at the altar of an unknown god.
   466 | D:1      | Became a worshipper of the Wu Jian Council
   466 | D:1      | Reached * piety under Wu Jian
   467 | D:1      | Fell from the grace of Wu Jian
   548 | D:1      | Reached XP level 2. HP: 15/15 MP: 6/8
  1195 | D:2      | Got Unuxtu's Anthology of Vapourous Contamination
  1380 | D:2      | Found Kemun's Vocational Training.
  1384 | D:2      | Reached XP level 3. HP: 19/19 MP: 6/10
  1475 | D:2      | Noticed a +2 great sword of freezing
  1475 | D:2      | Noticed a +3 rapier of electrocution
  1475 | D:2      | Noticed a +0 great sword of speed
  1477 | D:2      | Slain by a +2 great sword of freezing

Illustrated notes

Levels and vault maps discovered:
D:1:      evilmike_arrival_hilbert_curve, layout_basic,
          dreamdust_ecumenical_altar_statues
D:2:      layout_basic, st_stairs_12, nicolae_shop_vocational

Skill      XL: |  1  2 |
---------------+-------+-----
Dodging        | 3 |  3.1
Stealth        | |  2.4
Spellcasting   | |  3.7
Conjurations   | |  4.8

Action                   || total
-------------------------++-------
Melee: Staff             ||     4
 Cast: Magic Dart        ||    32
Invok: Renounce Religion ||     1
  Use: Scroll            ||     6
       Potion            ||     1
 Stab: Distracted        ||     1
       Sleeping          ||     1
Dodge: Dodged            ||     1

Table legend: (Time is in decaauts)
 A = Elapsed time spent in this place.
 B = Non-inter-level travel time spent in this place.
 C = Inter-level travel time spent in this place.
 D = Time resting spent in this place.
 E = Time spent auto-exploring this place.
 F = Levels seen in this place.
 G = Mean time per level.
                   A        B        C        D        E       F      G
               +--------+--------+--------+--------+--------+-----+--------+
         Total |   1477 |   1466 |     11 |     44 |   1280 |   2 |  738.5 |
       Dungeon |   1477 |   1466 |     11 |     44 |   1280 |   2 |  738.5 |
               +--------+--------+--------+--------+--------+-----+--------+

Top non-repeatable levels by time:
     D:1: 998 daAuts
     D:2: 478 daAuts
